 Dungeon Crawl Stone Soup version 0.31-a0-1009-g454b1f1e0a (webtiles) character file.

Game seed: 11672733605635349119

362 kae the Vexing (level 6, -5/41 HPs)
             Began as a Demonspawn Enchanter on Nov 13, 2023.
             Was an Initiate of Dithmenos.
             Slain by an ogre
             ... wielding a +0 giant club
              (11 damage)
             ... on level 4 of the Dungeon on Nov 14, 2023.
             The game lasted 00:05:44 (3463 turns).

kae the Vexing (Demonspawn Enchanter)               Turns: 3463, Time: 00:05:44

Health: -5/41      AC:  2    Str: 10    XL:     6   Next: 39%
Magic:  8/10       EV: 12    Int: 16    God:    Dithmenos [......]
Gold:   150        SH:  0    Dex: 14    Spells: 5/10 levels left

rFire   . . .        h - +1 quick blade (venom) {rare}
rCold   . . .        (no shield)
rNeg    . . .        b - +0 robe
rPois   .            (no helmet)
rElec   .            (no cloak)
rCorr   .            (no gloves)
SInv    .            (no boots)
Will    .....        (no amulet)
Stlth   ++           (no ring)
HPRegen 0.26/turn    (no ring)
MPRegen 0.12/turn

%: no passive effects
@: no status effects
A: claws 2, foul stench 2
a: Renounce Religion


You were on level 4 of the Dungeon.
You worshipped Dithmenos.
Dithmenos was noncommittal.
You visited 2 branches of the dungeon, and saw 5 of its levels.

You collected 150 gold pieces.


Innate Abilities, Weirdness & Mutations

You have very sharp fingernails.
You sometimes emit foul miasma when damaged in melee.


   Skills:
 + Level 0.2 Fighting
 * Level 3.1 Short Blades
 + Level 1.8 Dodging
 + Level 3.4 Stealth
 + Level 2.8 Spellcasting
 * Level 4.3 Hexes
 * Level 2.5 Ice Magic
 + Level 0.2 Invocations


You had 5 spell levels left.
You knew the following spells:

 Your Spells              Type           Power      Damage    Failure   Level
a - Ensorcelled Hibernat  Hex/Ice        26%        N/A       7%          2
b - Confusing Touch       Hex            16%        N/A       10%         3

Your spell library contained the following spells:

 Spells                   Type           Power      Damage    Failure   Level
 Tukima's Dance           Hex            16%        N/A       10%         3
 Ozocubu's Armour         Ice            10%        N/A       21%         3
 Dazzling Flash           Conj/Hex       18%        N/A       24%         3
 Metabolic Englaciation   Hex/Ice        6%         N/A       78%         5
 Simulacrum               Ice/Necr       3%         N/A       100%        6

Inventory:

Hand Weapons
 a - a +1 dagger of freezing
 h - a +1 quick blade of venom (weapon) {rare}
   (You acquired it on level 3 of the Dungeon)
Missiles
 d - 40 stones
 f - 6 poisoned darts
 k - 6 javelins
Armour
 b - a +0 robe (worn)
Magical Staves
 i - a staff of death {!a}
   (You took it off an orc wizard on level 4 of the Dungeon)
Wands
 j - a wand of polymorph (2)
   (You found it on level 2 of the Dungeon)
Scrolls
 g - 2 scrolls of identify {@r1}
Potions
 c - a potion of invisibility
 e - a potion of resistance

Dungeon Overview and Level Annotations

Branches:
Dungeon (4/15) Zot: 20587  Temple (1/1) D:4 Zot: 5951

Altars:
Cheibriados
Dithmenos
Fedhas
Gozag
Hepliaklqana
Kikubaaqudgha
Makhleb
Nemelex Xobeh
Okawaru
Qazlal
Sif Muna
Trog
Uskayaw
Xom
Yredelemnul

..##....#............####....#
...#....#............#.......#
...#....#............#.......#
...#....#............#.......#
..##....+............#.......#
####....#............+.......#
........#............#.......#
........#............#.......#
..#######.......@O...##+######
..#........#'####.......
..'...[....#....#.......
..#........#....#.......
###........########.....
#........# #.... #.......##
#... #......># ... #......##


You could see an ogre.


Message History

A hobgoblin comes into view.
A hobgoblin is nearby!
You hit the hobgoblin.
The hobgoblin is poisoned.
You hit the hobgoblin but do no damage. The hobgoblin closely misses you.
A hobgoblin is nearby!
Unknown command.
You closely miss the hobgoblin. You hit the hobgoblin.
You kill the hobgoblin!
Dithmenos accepts your kill.
No target in view!
An orc wizard comes into view. It is wielding a staff of death.
The orc wizard shouts!
There are monsters nearby!
You barely miss the orc wizard. x2
The orc wizard hits you with a staff of death.
You emit a cloud of foul miasma!
There are monsters nearby! 😕 HP[-2]
You take 2 damage, and now have 39/41 hp.
You hit the orc wizard but do no damage.
The orc wizard is poisoned.
You hit the orc wizard but do no damage.
The orc wizard looks as sick as possible!
The quokka bites you.
The orc wizard is engulfed in dark miasma.
The orc wizard looks as sick as possible!
The orc wizard mumbles some strange words.
The orc wizard flickers and vanishes!
Deactivating autopickup; reactivate with Ctrl-A.
You hit the quokka.
You kill the quokka!
Dithmenos accepts your kill.
Something completely misses you. 😕 HP[-4]
You take 4 damage, and now have 35/41 hp.
No target in view!
No target in view!
No target in view!
No target in view!
There is a strange disturbance nearby!
No target in view!
No target in view!
Unknown command.
You miss something. You hit something. Something hits you but does no damage.
You writhe in agony. 😕 HP[-1]
You take 1 damage, and now have 34/41 hp.
You hit something. You hit something but do no damage.
Dithmenos accepts your kill.
Reactivating autopickup.
You feel a bit more experienced.
i - a staff of death {!a}
Things that are here:
a +0 robe; an orc corpse Unknown command. 😕 HP[+1]
Things that are here:
a +0 robe; an orc corpse You see here a +0 dagger.
You now have 150 gold pieces (gained 8).
Things that are here:
a +0 dagger; a +0 robe
Things that are here:
a +0 dagger; a +0 robe
Things that are here:
a +0 robe; an orc corpse As you open the door, it creaks loudly! 😎 HP[+6]
Your hp is fully restored (41).
No target in view!
No target in view!
There is an open door here.
You open the door.
Found a stone staircase leading down.
There is an open door here.
You open the door.
There is an open door here.
Key pressed, stopping explore.
No target in view!
No target in view!
No target in view!
No target in view!
An ogre comes into view. It is wielding a +0 giant club.
The ogre shouts!
An ogre is nearby!
An ogre is nearby!
The ogre hits you with a +0 giant club!!
Ouch! That really hurt!
* * * LOW HITPOINT WARNING * * *
You are too injured to fight recklessly! 😱 HP[-35]
You take 35 damage, and now have 6/41 hp.
MASSIVE DAMAGE!! (PAUSE)
Casting: Ensorcelled Hibernation (safe; 7% risk of failure)
Confirm with . or Enter, or press ? or * to list all spells.
Aiming: Ensorcelled Hibernation (safe; 7% risk of failure)
Press: ? - help, Shift-Dir - straight line, f - ogre
Aim: an ogre, wielding a +0 giant club (chance to affect: 47%)
The ogre resists with some effort.
The ogre hits you with a +0 giant club!
You die...

Skill      XL: |  1  2  3  4  5  6 |
---------------+-------------------+-----
Short Blades   | 1 2 3 |  3.1
Ice Magic      | 1 2 |  2.5
Stealth        | 3 |  3.4
Hexes          | 4 |  4.3
Fighting       | |  0.2
Dodging        | |  1.8
Spellcasting   | |  2.8
Invocations    | |  0.2

Action                     |  1- 3 |  4- 6 || total
---------------------------+-------+-------++-------
  Melee: Dagger            |   153 |    10 ||   163
         Punch             |     1 |     1 ||     2
         Quick blade       |       |   179 ||   179
   Cast: Ensorcelled Hiber |    14 |    15 ||    29
    Use: Potion            |     2 |     3 ||     5
         Scroll            |       |     6 ||     6
   Stab: Sleeping          |    11 |    11 ||    22
 Armour: Robe              |    87 |    82 ||   169
         Skin              |    24 |       ||    24
  Dodge: Dodged            |    88 |    83 ||   171

Levels and vault maps discovered:
D:1:      dpeg_arrival_simpleton_a, layout_basic,
          chequers_serial_rivers_micro_d, chequers_serial_rivers_small_3
D:2:      layout_basic
D:3:      cheibrodos_pilgrimage, layout_basic,
          dreamdust_ecumenical_altar_hidden_monk_grotto,
          uniq_crazy_yiuf_cottage, uniq_terence, uniq_robin, uniq_jessica
D:4:      minmay_general_purpose_star, layout_gridville,
          minmay_temple_entry_glass, gammafunk_ghost_cemetery, uniq_natasha
Temple:   nicolae_temple_bog_church

Notes
Turn   | Place    | Note
-------+----------+-------------------------------------------
     0 | D:1      | kae the Demonspawn Enchanter began the quest for the Orb.
     0 | D:1      | Reached XP level 1. HP: 13/13 MP: 3/3
     0 | D:1      | magus.rc [v1.11.3]
    61 | D:1      | Reached skill level 1 in Short Blades
   205 | D:1      | Gained mutation: You have sharp fingernails. [demonic
                  | ancestry]
   205 | D:1      | Reached XP level 2. HP: 12/19 MP: 5/5
   229 | D:1      | Learned a level 2 spell: Ensorcelled Hibernation
   327 | D:1      | HP: 4/19 [quokka (4)]
   768 | D:2      | Gained mutation: You may rarely emit foul miasma when
                  | damaged in melee. [demonic ancestry]
   768 | D:2      | Reached XP level 3. HP: 24/24 MP: 1/6
  1224 | D:2      | Reached skill level 1 in Ice Magic
  1301 | D:2      | Reached skill level 3 in Stealth
  1310 | D:2      | Reached skill level 2 in Short Blades
  1312 | D:2      | magus.rc [v1.11.3]
  1368 | D:2      | Reached XP level 4. HP: 22/30 MP: 4/7
  1368 | D:2      | magus.rc [v1.11.3]
  1642 | D:3      | Identified a scroll of acquirement
  1642 | D:3      | Acquired a +1 quick blade of venom
  1643 | D:3      | h - a +1 quick blade of venom {rare}
  1644 | D:3      | your +1 quick blade of venom {rare} begins to drip with
                  | poison!
  1644 | D:3      | h - a +1 quick blade of venom (weapon) {rare}
  1650 | D:3      | Learned a level 3 spell: Confusing Touch
  1694 | D:3      | Noticed Jessica
  1698 | D:3      | Killed Jessica
  1758 | D:3      | Noticed Robin
  1929 | D:3      | Killed Robin
  1947 | D:3      | Gained mutation: You have very sharp fingernails. [demonic
                  | ancestry]
  1947 | D:3      | Reached XP level 5. HP: 15/35 MP: 2/8
  2004 | D:3      | magus.rc [v1.11.3]
  2126 | D:3      | Reached skill level 2 in Ice Magic
  2130 | D:3      | Reached skill level 4 in Hexes
  2603 | D:3      | Found a faded altar of an unknown god.
  2735 | D:3      | Noticed Terence
  2742 | D:3      | Killed Terence
  2894 | D:3      | Found a runed translucent door.
  2895 | D:3      | Noticed Crazy Yiuf
  3012 | D:3      | Killed Crazy Yiuf
  3013 | D:3      | Gained mutation: You sometimes emit foul miasma when
                  | damaged in melee. [demonic ancestry]
  3013 | D:3      | Reached XP level 6. HP: 13/40 MP: 10/10
  3143 | D:4      | Found a staircase to the Ecumenical Temple.
  3147 | D:4      | You pick up a book of Winter and begin reading...
  3147 | D:4      | You add the spells Ozocubu's Armour, Metabolic Englaciation
                  | and Simulacrum to your library.
  3163 | D:4      | Noticed Natasha
  3172 | D:4      | Killed Natasha
  3173 | D:4      | Reached skill level 3 in Short Blades
  3264 | Temple   | Entered the Ecumenical Temple
  3295 | Temple   | Became a worshipper of Dithmenos the Shadowed
  3462 | D:4      | HP: 6/41 [ogre/+0 giant club (35)]
  3463 | D:4      | Slain by an ogre

Vanquished Creatures
  Crazy Yiuf (D:3)
  An orc priest (D:3)
  Jessica (D:3)
  Natasha (D:4)
  Terence (D:3)
  3 orc wizards
  Robin (D:3)
  4 adders
  3 worms (D:2)
  A dart slug (D:2)
  6 orcs
  4 ball pythons
  7 bats
  2 endoplasms
  A giant cockroach (D:3)
  13 goblins
  13 hobgoblins
  12 jackals
  5 quokkas
  5 frilled lizards
  4 kobolds
  2 rats
91 creatures vanquished.

Table legend:
 A = Non-vault XP
 B = Vault XP
 C = Vault XP percentage of total XP
 D = Non-vault monster count
 E = Vault monster count
 F = Vault count percentage of total count
                 A         B        C        D         E       F
            +---------+---------+-------+---------+---------+-------
      Total |     249 |     269 |  51.9 |      70 |      21 |  23.1
            +---------+---------+-------+---------+---------+-------
        D:1 |      37 |       0 |   0.0 |      21 |       0 |   0.0
        D:2 |      69 |       0 |   0.0 |      20 |       0 |   0.0
        D:3 |      64 |     233 |  78.5 |      23 |      20 |  46.5
        D:4 |      79 |      36 |  31.3 |       6 |       1 |  14.3
            +---------+---------+-------+---------+---------+-------

Skill      XL: |  1  2  3  4  5  6 |
---------------+-------------------+-----
Short Blades   | 1 2 3 |  3.1
Ice Magic      | 1 2 |  2.5
Stealth        | 3 |  3.4
Hexes          | 4 |  4.3
Fighting       | |  0.2
Dodging        | |  1.8
Spellcasting   | |  2.8
Invocations    | |  0.2

Action                     |  1- 3 |  4- 6 || total
---------------------------+-------+-------++-------
  Melee: Dagger            |   153 |    10 ||   163
         Punch             |     1 |     1 ||     2
         Quick blade       |       |   179 ||   179
   Cast: Ensorcelled Hiber |    14 |    15 ||    29
    Use: Potion            |     2 |     3 ||     5
         Scroll            |       |     6 ||     6
   Stab: Sleeping          |    11 |    11 ||    22
 Armour: Robe              |    87 |    82 ||   169
         Skin              |    24 |       ||    24
  Dodge: Dodged            |    88 |    83 ||   171

Illustrated notes

Table legend:
 A = Kills in this place as a percentage of kills in the entire game.
 B = Kills by you in this place as a percentage of kills by you in the entire game.
 C = Kills by friends in this place as a percentage of kills by friends in the entire game.
 D = Other kills in this place as a percentage of other kills in the entire game.
 E = Experience gained in this place as a percentage of experience gained in the entire game.
 F = Experience gained in this place divided by the number of levels of this place that you have seen.
                   A       B       C       D       E      F
               +-------+-------+-------+-------+-------+----------------------
         Total | 100.0 | 100.0 |   N/A |   N/A | 100.0 | 103.6
       Dungeon | 100.0 | 100.0 |   N/A |   N/A | 100.0 | 129.5
               +-------+-------+-------+-------+-------+----------------------

Table legend: (Time is in decaauts)
 A = Elapsed time spent in this place.
 B = Non-inter-level travel time spent in this place.
 C = Inter-level travel time spent in this place.
 D = Time resting spent in this place.
 E = Time spent auto-exploring this place.
 F = Levels seen in this place.
 G = Mean time per level.
                   A        B        C        D        E       F      G
               +--------+--------+--------+--------+--------+-----+--------+
         Total |   3459 |   3362 |     97 |    338 |   2300 |   5 |  691.8 |
       Dungeon |   3411 |   3347 |     64 |    338 |   2286 |   4 |  852.8 |
        Temple |     48 |     15 |     33 |      0 |     14 |   1 |   48.0 |
               +--------+--------+--------+--------+--------+-----+--------+

Top non-repeatable levels by time:
     D:3: 1508 daAuts
     D:2: 873 daAuts
     D:1: 754 daAuts
     D:4: 274 daAuts
  Temple: 48 daAuts
